Map: 2000 Atmospheres LE

Players

A.I. 1 (Very Easy) - Winner!

  • Race: Zerg Zerg

RustyShacky

  • Race: Terran Terran

VOD

Have the link to the VOD?

Description

Time

  • Played on: Jan. 25, 2022, 9:23 a.m.
  • Length: 10:04
Show
View Real Time Build Order
Export as new Build Order

A.I. 1 (Very Easy) Zerg - Winner!

Build Orders: Pool First 

Get SALT Encoding   

  12  0:01  Drone  
  13  0:12  Overlord  
  13  0:16  Drone  
  14  0:35  Spawning Pool  
  13  0:36  Extractor  
  13  0:39  Drone  
  13  0:46  Drone  
  14  0:51  Overlord  
  14  1:21  Queen  
  14  1:22  Zergling x2  
  17  1:29  Roach Warren  
  17  1:32  Drone  
  17  1:36  Extractor  
  16  1:41  Drone  
  17  1:49  Zergling x2  
  18  1:59  Drone  
  19  2:06  Drone  
  21  2:15  Drone  
  21  2:16  Zergling x2  
  22  2:26  Overlord  
  22  2:28  Drone  
  23  2:35  Drone  
  24  2:43  Drone, Roach  
  27  5:12  Zergling x2  
  28  5:14  Queen  
  23  5:24  Drone  
  19  5:31  Drone  
  14  5:38  Roach Warren  
  14  5:39  Drone, Zergling x2  
  12  5:46  Drone  
  13  5:53  Drone  
  12  5:57  Spawning Pool  
  12  6:00  Drone  
  8  6:07  Drone  
  8  6:14  Drone  
  8  6:19  Roach  
  8  6:21  Drone  
  8  6:23  Extractor  
  10  6:29  Drone  
  8  6:36  Drone  
  9  6:43  Drone  
  9  6:46  Hatchery, Zergling x2  
  8  6:48  Extractor  
Show
View Real Time Build Order
Export as new Build Order

RustyShacky Terran 

Build Orders: Mech 

Get SALT Encoding   

  12  0:00  SCV  
  13  0:12  SCV  
  14  0:17  Supply Depot  
  14  0:24  SCV  
  15  0:38  SCV  
  15  0:39  Barracks  
  16  0:43  Refinery  
  16  0:50  SCV  
  17  1:02  SCV  
  18  1:14  SCV  
  19  1:26  Marine  
  19  1:27  Orbital Command  
  20  1:39  Command Center  
  20  1:44  Marine  
  21  1:54  SCV  
  22  1:58  Supply Depot  
  22  2:02  Barracks Reactor  
  22  2:06  SCV  
  23  2:11  Factory  
  23  2:20  SCV  
  24  2:27  Refinery  
  24  2:28  Bunker  
  24  2:32  SCV  
  25  2:38  Marine x2  
  25  2:44  SCV  
  28  2:53  Orbital Command  
  28  2:56  SCV  
  28  2:57  Refinery  
  29  3:00  Factory Tech Lab  
  29  3:01  Starport  
  29  3:07  Marine  
  29  3:08  Marine, SCV  
  32  3:18  Siege Tank  
  35  3:20  SCV  
  35  3:21  SCV  
  37  3:33  SCV x2  
  39  3:35  Supply Depot  
  39  3:36  Medivac  
  39  3:41  Marine x2  
  43  3:45  SCV  
  43  3:46  SCV  
  45  3:57  Siege Tank  
  45  3:58  SCV  
  45  3:59  Supply Depot, SCV  
  50  4:06  Medivac, Marine x2  
  54  4:17  Fusion Core  
  54  4:21  SCV x2  
  54  4:22  Supply Depot  
  56  4:27  Marine x2  
  58  4:31  Siege Tank  
  58  4:33  SCV  
  62  4:43  SCV  
  63  4:49  Command Center, Supply Depot  
  63  4:51  Supply Depot, SCV  
  64  4:56  SCV  
  65  5:03  SCV  
  66  5:08  SCV  
  66  5:11  Refinery  
  66  5:14  Battlecruiser  
  73  5:15  SCV  
  73  5:19  Supply Depot  
  73  5:20  SCV  
  75  5:26  Supply Depot  
  75  5:27  Hellion  
  75  5:28  Hellion  
  79  5:29  SCV  
  78  5:44  Factory  
  78  5:46  Factory, SCV x2  
  80  5:52  Hellion, Supply Depot  
  80  5:55  Supply Depot  
  82  5:57  Hellion  
  82  5:58  SCV x2  
  82  6:03  Armory  
  86  6:14  Hellion  
  86  6:16  SCV x2  
  90  6:19  Hellion, Orbital Command  
  92  6:28  Command Center, Factory Tech Lab, SCV x2  
  92  6:30  Factory Tech Lab  
  94  6:35  Supply Depot  
  94  6:39  Supply Depot  
  94  6:42  Hellion  
  94  6:43  Hellion  
  98  6:48  Armory  
  98  6:49  Siege Tank  
  98  6:54  Siege Tank, SCV x2  
  104  6:56  SCV  
  104  6:59  Terran Vehicle Weapons Level 1  
  107  7:05  Refinery  
  107  7:06  Refinery  
  107  7:08  SCV  
  108  7:09  Supply Depot  
  108  7:10  Hellbat x2  
  108  7:13  SCV x2  
  114  7:21  Thor  
  120  7:25  Thor  
  126  7:31  SCV x3  
  126  7:33  Hellbat x2  
  126  7:34  Supply Depot  
  133  7:45  Engineering Bay, Terran Vehicle And Ship Armor Level 1  
  133  7:48  Battlecruiser  
  133  7:49  SCV x3  
  142  7:56  Hellion x2  
  146  7:59  Supply Depot  
  146  8:04  SCV x3  
  146  8:05  Thor  
  155  8:10  Thor  
  165  8:20  Hellbat x2  
  165  8:31  Planetary Fortress, Supply Depot  
  165  8:34  Supply Depot, Refinery  
  165  8:35  Infernal Pre-Igniter, Refinery  
  165  8:48  Thor, Factory  
  171  8:49  Hellbat x2  
  171  8:51  Factory  
  175  8:59  Thor  
  181  9:10  Hellbat x2  
  185  9:24  Command Center  
  193  9:31  Hellbat  
  193  9:34  Factory Tech Lab  
  193  9:35  Factory Reactor  
  193  9:39  Hellbat  
  193  9:40  Hellbat  
  197  10:04  Command Center  
Tags
 
Composition
Mech
Matchup
TvZ
Opening
Pool First
Add a new tag
Caveats
  • Supply blocks, unpowered buildings, or Contaminate may cause inaccurate times.
  • Supply counts are checked every 10 seconds.